 Dungeon Crawl Stone Soup version 0.24.0-1-gfbc8707 (webtiles) character file.

Game seed: 3043299952171897069, levelgen mode: deterministic

139 Buxparty the Skirmisher (level 5, -3/42 HPs)
             Began as a Mummy Fighter on Jan 12, 2020.
             Slain by Purgy (5 damage)
             ... on level 3 of the Dungeon.
             The game lasted 00:05:22 (2593 turns).

Buxparty the Skirmisher (Mummy Fighter)             Turns: 2593, Time: 00:05:23

Health: -3/42      AC:  6    Str: 20    XL:     5   Next: 1%
Magic:  5/5        EV:  7    Int:  8    God:
Gold:   160        SH:  9    Dex: 11    Spells: 4/4 levels left

rFire    x . .     SeeInvis .   a - +0 war axe
rCold    + . .     Gourm    .   c - +0 shield
rNeg     + + +     Faith    .   b - +0 scale mail
rPois    ∞         Spirit   .   (no helmet)
rElec    .         Reflect  .   (no cloak)
rCorr    .         Harm     .   (no gloves)
MR       .....                  (no boots)
Stlth    ..........             (no amulet)
HPRegen  0.14/turn              (no ring)
MPRegen  0.09/turn              (no ring)

@: no status effects
A: no food or potions, fire vulnerability, cold resistance 1, negative energy
resistance 3, torment resistance, unbreathing
a: no special abilities


You were on level 3 of the Dungeon.
You were not hungry.

You visited 1 branch of the dungeon, and saw 3 of its levels.

You collected 160 gold pieces.

Inventory:

Hand Weapons
 a - a +0 war axe (weapon)
Missiles
 e - 13 poisoned darts
 k - 3 atropa-tipped darts (quivered)
Armour
 b - a +0 scale mail (worn)
 c - a +0 shield (worn)
Jewellery
 g - an uncursed amulet of guardian spirit {unknown}
Scrolls
 d - a scroll of magic mapping {unknown}
 f - 2 scrolls of remove curse {unknown}
 h - 2 scrolls of enchant armour {unknown}
 i - a scroll of fog {unknown}
 j - 2 scrolls of identify {unknown}
 l - a scroll of amnesia {unknown}


   Skills:
 + Level 4.1 Fighting
 + Level 2.8 Axes
 - Level 2.4 Armour
 + Level 3.3 Shields


You had 4 spell levels left.
You didn't know any spells.
Your spell library contained the following spells:

 Spells                   Type           Power        Failure   Level  Hunger
 Confusing Touch          Hex            #.....       99%         1    N/A
 Confuse                  Hex            #.......     100%        3    N/A
 Gell's Gravitas          Tloc           #.........   100%        3    N/A
 Petrify                  Tmut/Erth      #.......     100%        4    N/A
 Metabolic Englaciation   Hex/Ice        #.........   100%        5    N/A
 Yara's Violent Unravell  Hex/Tmut       #.........   100%        5    N/A

Dungeon Overview and Level Annotations

Branches:
Dungeon (3/15)

Altars:

Annotations:
D:3 1 runed translucent door, Crazy Yiuf, Natasha, Purgy


Innate Abilities, Weirdness & Mutations

You do not eat or drink.
Your flesh is vulnerable to fire.
You are immune to poison.
Your flesh is cold resistant. (rC+)
You are immune to negative energy. (rN+++)
You are immune to unholy pain and torment.
You can survive without breathing.


Message History

* * * LOW HITPOINT WARNING * * *
Purgy claws you.
* * * LOW HITPOINT WARNING * * *
You hit Purgy.
Purgy is severely wounded.
Purgy hisses, "I bite!"
Purgy bites you.
* * * LOW HITPOINT WARNING * * *
Purgy barely misses you. Purgy claws you but does no damage.
Your shield prevents you from hitting Purgy.
Purgy is severely wounded.
Purgy bites you.
* * * LOW HITPOINT WARNING * * *
Purgy claws you but does no damage. You block Purgy's attack.
Purgy closely misses you. Purgy claws you but does no damage. Purgy claws you.
* * * LOW HITPOINT WARNING * * *
You closely miss Purgy.
Purgy is severely wounded.
Purgy bites you.
You die...

############
........?.....(..#
.).............[.#
..............(..#
...........(.....#######
..>.....................
.................#...%..
........T........#......
.......@.....##+##......
#########....# ##..####
#../.# #....# #....#
#....# #....# #.#.##
###### ##.## #.## ##.#
#.##


You could see Purgy.

Vanquished Creatures
  Natasha (D:3)
  Robin (D:3)
  4 adders
  An ooze (D:2)
  4 dart slugs
  A leopard gecko (D:3)
  4 giant cockroaches
  13 goblins
  8 hobgoblins
  A quokka (D:3)
  7 bats
  A frilled lizard (D:2)
  2 kobolds (D:1)
  8 rats
56 creatures vanquished.

Notes
Turn   | Place    | Note
-------+----------+-------------------------------------------
     0 | D:1      | Buxparty the Mummy Fighter began the quest for the Orb.
     0 | D:1      | Reached XP level 1. HP: 18/18 MP: 1/1
   310 | D:1      | Reached XP level 2. HP: 24/24 MP: 2/2
   746 | D:2      | Reached XP level 3. HP: 23/29 MP: 3/3
  1739 | D:3      | Noticed Robin
  1743 | D:3      | Reached XP level 4. HP: 37/37 MP: 4/4
  1745 | D:3      | Noticed Natasha
  1748 | D:3      | Noticed Purgy
  1830 | D:3      | Killed Robin
  2244 | D:3      | Killed Natasha
  2244 | D:3      | Reached skill level 4 in Fighting
  2262 | D:3      | Noticed Natasha
  2473 | D:3      | Found a runed translucent door.
  2474 | D:3      | Noticed Crazy Yiuf
  2503 | D:3      | Reached XP level 5. HP: 33/42 MP: 5/5
  2592 | D:3      | HP: 2/42 [Purgy (1)]
  2593 | D:3      | Slain by Purgy

Levels and vault maps discovered:
D:1:      onia_arrival_mini_spirals, layout_loops_ring, minmay_quantized
D:2:      layout_basic, hangedman_decor_points
D:3:      layout_basic, uniq_natasha, uniq_robin, uniq_crazy_yiuf_cottage,
          uniq_purgy

Skill      XL: |  1  2  3  4 |
---------------+-------------+-----
Axes           | 2 |  2.8
Shields        | 3 |  3.3
Fighting       | 4 |  4.1
Armour         | |  2.4

Action                   |  1- 3 |  4- 6 || total
-------------------------+-------+-------++-------
Melee: War axe           |   106 |    88 ||   194
Throw: Dart              |       |     5 ||     5
Armor: Scale mail        |    57 |    56 ||   113
Dodge: Dodged            |    39 |    37 ||    76
Block: Shield            |    66 |    47 ||   113
